 Dungeon Crawl Stone Soup version 0.20.0-3-g22ec75f (webtiles) character file.

3161 Jannitor the Covert (level 9, -1/48 HPs)
             Began as a Vine Stalker Assassin on May 27, 2017.
             Was a Follower of Uskayaw.
             Slain by a gargoyle
             ... wielding a +0 mace
              (15 damage)
             ... on level 7 of the Dungeon.
             The game lasted 00:28:08 (8276 turns).

Jannitor the Covert (Vine Stalker Assassin)         Turns: 8276, Time: 00:28:09

Health: -1/48      AC: 10    Str: 14    XL:     9   Next: 94%
Magic:  0/10       EV: 16    Int: 11    God:    Uskayaw [*.....]
Gold:   197        SH:  0    Dex: 21    Spells: 8/8 levels left

rFire    . . .     SeeInvis .   a - +0 dagger (protect)
rCold    . . .     Gourm    .   (no shield)
rNeg     . . .     Faith    .   c - +0 robe
rPois    .         Spirit   +   (no helmet)
rElec    .         Reflect  .   d - +0 cloak
rCorr    .         Harm     .   (no gloves)
MR       +....                  (no boots)
Stlth    +++++.....             (no amulet)
Regen    0.6/turn               (no ring)
MPRegen  0.2/turn               (no ring)

@: protection aura
A: fangs 3, agile 1, high mp 1, regeneration 1, magic shield, antimagic bite, no
potion heal 3, rot immunity
a: Stomp, Renounce Religion


You were on level 7 of the Dungeon.
You worshipped Uskayaw.
Uskayaw was noncommittal.
You were not hungry.

You visited 1 branch of the dungeon, and saw 7 of its levels.

You collected 317 gold pieces.
You spent 120 gold pieces at shops.

Inventory:

Hand Weapons
 a - a +0 dagger of protection (weapon)
 b - a +0 blowgun
 r - a +2 dagger
Missiles
 z - 19 poisoned needles
 B - 4 needles of sleeping
Armour
 c - a +0 robe (worn)
 d - a +0 cloak (worn)
 G - a +0 buckler
Jewellery
 e - an uncursed ring of magical power {unknown}
 w - a cursed amulet of inaccuracy {unknown}
Wands
 h - a wand of flame (35/48)
 y - a wand of random effects (38/48)
 E - a wand of paralysis (17/24)
 J - a wand of confusion (29/48)
 K - a wand of flame (27/48)
 L - a wand of lightning (6/15)
Scrolls
 f - a scroll of enchant armour {unknown}
 i - 3 scrolls of remove curse {unknown}
 j - 2 scrolls of recharging {unknown}
 l - 2 scrolls of enchant weapon {unknown}
 m - 3 scrolls of amnesia {unknown}
 n - 3 scrolls of teleportation {unknown}
 p - 3 scrolls of magic mapping {unknown}
 q - 6 scrolls of identify
 s - a scroll of blinking {unknown}
 D - 2 scrolls of fear {unknown}
 M - a scroll of random uselessness {unknown}
Potions
 o - 4 potions of heal wounds
 u - a potion of cancellation
 v - 4 potions of curing
 x - 2 potions of brilliance
 C - a potion of resistance {unknown}
 F - a potion of agility
 H - a potion of mutation
 I - 2 potions of flight
Comestibles
 g - 9 bread rations
 k - 2 royal jellies
 t - 5 meat rations
 A - 7 fruits
 N - a chunk of flesh


   Skills:
 + Level 5.8 Fighting
 + Level 5.7 Short Blades
 + Level 6.0 Throwing
 + Level 5.0 Dodging
 + Level 9.1 Stealth


You had 8 spell levels left.
You didn't know any spells.

Dungeon Overview and Level Annotations

Branches:
Dungeon (7/15)             Temple (0/1) D:7

Altars:
Cheibriados
Hepliaklqana
Makhleb
Okawaru
Qazlal
Uskayaw
Vehumet
Yredelemnul
The Shining One

Shops:
D:6 %!

Annotations:
D:7 Menkaure


Innate Abilities, Weirdness & Mutations

You have razor-sharp teeth.
Your natural rate of healing is unusually fast.
When hurt, damage is shared between your health and your magic reserves.
Your bite disrupts and absorbs the magic of your enemies.
Potions cannot restore your health.
You are immune to rotting.
You are agile. (Dex +2)
You have an increased reservoir of magic. (+10% MP)


Message History

Aim: a gargoyle, wielding a mace (heavily damaged)
You can't stand on top of the monster!
Aiming: Line Pass
Press: ? - help, Dir - move target cursor, p - gargoyle The gargoyle appears confused.
You feel somewhat more hungry.
You can no longer pass through a line of other dancers.
You hit the gargoyle.
You bite the gargoyle, but do no damage.
The gargoyle is heavily damaged.
The gargoyle seems less confused.
You hit the gargoyle but do no damage. Your bite misses the gargoyle.
The gargoyle is heavily damaged.
The gargoyle hurls a stone arrow at you.
The stone arrow hits you!
* * * LOW HITPOINT WARNING * * *
You hit the gargoyle but do no damage.
You bite the gargoyle, but do no damage.
The gargoyle is heavily damaged.
The gargoyle hits you with a mace!
You die...

###....######.....#..#.#.####.#.
##.#..#......#.....##.#.#.#...<..
#._..#######.'.....##.#.#.#.####.
##)#..#......#.....##.#)#<#..#...
####....######...............#.#.
# #...#######.....##.#.#....#.#.
# #..####.........##.#.#.#..#.#.
# #.## #......9...##.#.#.#......
# ### #.......@..##.#.#.#...... #
#..........##.#.#.#...... #
#########.###.#.#.###.... #
#...#.# #.#.#.# #.### # #...#.#
#.#.#.# #.# #
#...#.###.#.#.###+### # #######
#...#.....#.#.#...... #
#.....###...#######.#.#...... #
#.....#.............#.#......


You could see a gargoyle.

Vanquished Creatures
  Joseph (D:7)
  A hippogriff (D:7)
  A spriggan (D:7)
  A hungry ghost (D:7)
  A water moccasin (D:7)
  An ice beast (D:5)
  2 sky beasts (D:6)
  2 black bears (D:6)
  2 ogres
  4 centaurs
  2 bullfrogs
  A scorpion (D:6)
  3 howler monkeys
  4 crimson imps
  6 hounds
  A quasit (D:6)
  A centaur zombie (D:7)
  5 orc priests
  A bullfrog skeleton (D:6)
  An iguana (D:6)
  6 orc wizards
  4 worker ants
  A hound skeleton (D:5)
  4 gnolls (D:3)
  5 adders
  2 shadow imps
  An ooze (D:2)
  An adder zombie (D:7)
  2 worms
  2 dart slugs (D:2)
  A leopard gecko (D:2)
  17 orcs
  A bat (D:1)
  4 giant cockroaches
  9 goblins
  5 hobgoblins
  2 jackals (D:6)
  2 quokkas
  2 ball pythons (D:1)
  A ball python skeleton (D:4)
  3 frilled lizards
  A jackal skeleton (D:7)
  4 kobolds
  5 rats
126 creatures vanquished.

Notes
Turn   | Place    | Note
-------+----------+-------------------------------------------
     0 | D:1      | Jannitor the Vine Stalker Assassin began the quest for the Orb.
     0 | D:1      | Reached XP level 1. HP: 11/11 MP: 2/2
   226 | D:1      | Reached XP level 2. HP: 15/15 MP: 3/3
   601 | D:1      | Reached skill level 1 in Dodging
  1334 | D:2      | Reached XP level 3. HP: 15/18 MP: 4/4
  1360 | D:2      | Found a snail-covered altar of Cheibriados.
  1873 | D:2      | Reached skill level 5 in Stealth
  2349 | D:3      | Gained mutation: Your natural rate of healing is unusually fast. [Vine Stalker growth]
  2349 | D:3      | Reached XP level 4. HP: 23/23 MP: 5/5
  2613 | D:3      | Reached XP level 5. HP: 27/27 MP: 6/6
  2744 | D:3      | Found a faded altar of an unknown god.
  2744 | D:3      | Found a basalt altar of Yredelemnul.
  2749 | D:3      | Found an iron altar of Okawaru.
  2751 | D:3      | Found a hazy altar of Hepliaklqana.
  2752 | D:3      | Found a stormy altar of Qazlal.
  3294 | D:4      | Reached XP level 6. HP: 26/32 MP: 7/7
  3630 | D:2      | HP: 1/32 [poisoned by a worker ant]
  4128 | D:4      | Reached skill level 6 in Stealth
  4261 | D:5      | Entered Level 5 of the Dungeon
  4368 | D:5      | Reached XP level 7. HP: 36/36 MP: 8/8
  4792 | D:5      | Gained mutation: You have razor-sharp teeth. [Vine Stalker growth]
  4792 | D:5      | Reached XP level 8. HP: 42/42 MP: 9/9
  5302 | D:6      | Reached skill level 7 in Stealth
  5445 | D:6      | Gained mutation: You are agile. (Dex +2) [mutagenic meat]
  5446 | D:6      | Gained mutation: You have an increased reservoir of magic. (+10% MP) [mutagenic meat]
  5681 | D:6      | Found Wyiwn's Distillery.
  5689 | D:6      | Bought a potion of mutation for 120 gold pieces
  5799 | D:6      | Found Osmolum's Food Emporium.
  6007 | D:6      | Reached skill level 5 in Throwing
  6251 | D:6      | Found a burning altar of Makhleb.
  6252 | D:6      | Found a radiant altar of Vehumet.
  6389 | D:6      | Reached XP level 9. HP: 25/46 MP: 6/10
  6444 | D:6      | Reached skill level 8 in Stealth
  6493 | D:6      | Reached skill level 5 in Fighting
  6873 | D:7      | Reached skill level 5 in Short Blades
  6890 | D:7      | Found a hide-covered altar of Uskayaw.
  6897 | D:7      | Became a worshipper of Uskayaw the Reveler
  6904 | D:7      | Found a snail-covered altar of Cheibriados.
  7043 | D:7      | Reached * piety under Uskayaw
  7069 | D:7      | Found a staircase to the Ecumenical Temple.
  7087 | D:7      | Reached ** piety under Uskayaw
  7305 | D:7      | Noticed Menkaure
  8009 | D:7      | Noticed a gargoyle
  8218 | D:7      | Found a glowing golden altar of the Shining One.
  8223 | D:7      | Noticed Joseph
  8227 | D:7      | Killed Joseph
  8227 | D:7      | Reached skill level 5 in Dodging
  8227 | D:7      | Reached skill level 9 in Stealth
  8276 | D:7      | Slain by a gargoyle

Skill      XL: |  1  2  3  4  5  6  7  8  9 |
---------------+----------------------------+-----
Throwing       | 2 3 4 5 6 |  6.0
Fighting       | 2 3 4 5 |  5.8
Short Blades   | 2 3 4 5 |  5.7
Dodging        | 1 2 3 4 5 |  5.0
Stealth        | 5 6 7 9 |  9.1

Action                   |  1- 3 |  4- 6 |  7- 9 || total
-------------------------+-------+-------+-------++-------
Melee: Dagger            |   135 |   198 |   379 ||   712
       Bite              |    36 |    60 |   144 ||   240
 Fire: Blowgun           |       |    31 |    44 ||    75
Invok: Line Pass         |       |       |     1 ||     1
Evoke: Wand              |       |     2 |       ||     2
  Use: Potion            |       |     6 |     3 ||     9
       Scroll            |       |     4 |       ||     4
 Stab: Sleeping          |    15 |     2 |    15 ||    32
       Distracted        |     1 |       |     3 ||     4
  Eat: Chunk             |     4 |     6 |    17 ||    27
Armor: Robe              |    24 |    56 |   103 ||   183
Dodge: Dodged            |    46 |   115 |   218 ||   379
